 Dungeon Crawl Stone Soup version 0.17-a0-1850-g688e747 (webtiles) character file.

202 shakdrar the Cudgeler (level 5, -2/47 HPs)
             Began as a Minotaur Fighter on Sept 18, 2015.
             Slain by Grinder (3 damage)
             ... while paralysed by Grinder
             ... on level 4 of the Dungeon.
             The game lasted 00:09:16 (2351 turns).

shakdrar the Cudgeler (Minotaur Fighter)            Turns: 2351, Time: 00:09:16

Health: -2/47      AC: 12    Str: 24    XL:     5   Next: 50%
Magic:  4/4        EV:  2    Int:  6    God:
Gold:   148        SH:  0    Dex:  9    Spells: 0 memorised, 4 levels left

rFire  . . .     SeeInvis .     a - +1 flail
rCold  . . .     Clarity  .     g - +0 plate armour
rNeg   . . .     SustAt   .     c - +0 shield
rPois  .         Gourm    .     (helmet restricted)
rElec  .         Spirit   .     (no cloak)
rCorr  .         Warding  .     (no gloves)
rMut   .         Stasis   .     (no boots)
MR     .....                    (no amulet)
Stlth  ..........               (no ring)
                                q - +3 ring of strength

@: paralysed, not resistant to hostile enchantments, extremely unstealthy
A: retaliatory headbutt, horns 2
a: no special abilities


You were on level 4 of the Dungeon.
You were very hungry.

You visited 1 branch of the dungeon, and saw 4 of its levels.

You collected 148 gold pieces.

Inventory:

Hand weapons
 a - a +1 flail (weapon)
Armour
 c - a +0 shield (worn)
 g - a +0 plate armour (worn)
Jewellery
 q - a +3 ring of strength (left hand)
Scrolls
 i - 3 scrolls of identify
 j - 3 scrolls of remove curse
 k - a scroll of fog
 m - a scroll of teleportation
Potions
 b - a potion of agility {unknown}
 d - a potion of might
 f - a potion of heal wounds {unknown}
 h - a potion of cure mutation {unknown}
 l - a potion of resistance {unknown}
 o - a potion of lignification {unknown}
Comestibles
 e - 4 bread rations
 p - a meat ration


   Skills:
 + Level 4.8 Fighting
 * Level 4.8 Maces & Flails
 + Level 4.4 Armour
 + Level 4.6 Shields


You had 4 spell levels left.
You didn't know any spells.

Dungeon Overview and Level Annotations

Branches:
Dungeon (4/15)
 Temple: D:4-7

Altars:
Gozag
Okawaru

Annotations:
D:4 Grinder


Innate Abilities, Weirdness & Mutations

You reflexively headbutt those who attack you in melee.
You have a pair of horns on your head.


Message History

Pain shoots through your body! Grinder gestures at you.
Pain shoots through your body!
* * * LOW HITPOINT WARNING * * *
Grinder says, "At least Makhleb appreciates what I'm doing."
Grinder gestures at you.
You barely resist. Grinder completely misses you.
You can move again.
You completely miss Grinder.
Grinder is almost dead.
Grinder gestures.
Grinder blinks!
Grinder gestures at you.
You suddenly lose the ability to move!
Grinder barely misses you. Grinder hits you.
* * * LOW HITPOINT WARNING * * *
You writhe in agony.
You die...

#..!......#
#.........#
#.........#
#.........#
#.....(...#
#.........#
#.........#####
#.............#
#......@......#
######.5......#
########........#
#...........#####
#.###########
#.##.# #####
#....# ....#
####.# ###.# #.#


You could see Grinder.

Vanquished Creatures
  2 orc priests (D:3)
  A hound skeleton (D:3)
  3 adders
  An ooze (D:2)
  A worm (D:2)
  A giant gecko (D:2)
  12 orcs (D:3)
  A ball python (D:2)
  5 bats
  12 goblins
  11 hobgoblins
  11 jackals
  8 kobolds
  A quokka (D:2)
  4 giant cockroaches
  4 giant newts
  7 rats
85 creatures vanquished.

Notes
Turn   | Place    | Note
--------------------------------------------------------------
     0 | D:1      | shakdrar the Minotaur Fighter began the quest for the Orb.
     0 | D:1      | Reached XP level 1. HP: 19/19 MP: 0/0
   202 | D:1      | Reached XP level 2. HP: 24/27 MP: 1/1
   632 | D:1      | Reached skill level 4 in Shields
   718 | D:1      | Reached XP level 3. HP: 33/33 MP: 2/2
  1165 | D:2      | Reached XP level 4. HP: 40/40 MP: 3/3
  1663 | D:3      | Found an opulent altar of Gozag.
  1897 | D:3      | Reached XP level 5. HP: 30/47 MP: 4/4
  2050 | D:3      | Found an iron altar of Okawaru.
  2330 | D:4      | Noticed Grinder
  2343 | D:4      | Paralysed by Grinder for 5 turns
  2349 | D:4      | Paralysed by Grinder for 3 turns
  2351 | D:4      | HP: 1/47 [Grinder (6)]
  2351 | D:4      | Slain by Grinder

Vault maps used:
D:1:      minmay_arrival_widening_spiral_wide
D:2:      grunt_decor_arrowhead
D:3:      grunt_gozag_statues, okawaru_trees_1
D:4:      lemuel_statue_altar, uniq_grinder

Action                   |  1- 3 |  4- 6 || total
-------------------------+-------+-------++-------
Melee: Flail             |   123 |   111 ||   234
  Use: Scroll            |     4 |     2 ||     6
  Eat: Chunk             |     1 |     3 ||     4
